 Dungeon Crawl Stone Soup version 0.20.1-1-g8b1a95d (webtiles) character file.

25669 vishdafish the Spear-Bearer (level 13, -3/83 HPs)
             Began as a Gargoyle Fighter on July 6, 2017.
             Slain by a blink frog (10 damage)
             ... on level 3 of the Lair of Beasts.
             The game lasted 00:34:35 (16028 turns).

vishdafish the Spear-Bearer (Gargoyle Fighter)     Turns: 16028, Time: 00:34:37

Health: -3/83      AC: 25    Str: 23    XL:     13   Next: 21%
Magic:  19/19      EV: 11    Int: 15    God:
Gold:   1000       SH: 12    Dex: 11    Spells: 12/12 levels left

rFire    + . .     SeeInvis +   a - +0 trident
rCold    + . .     Gourm    .   c - +0 shield
rNeg     + . .     Faith    .   J - +3 chain mail {MR+}
rPois    ∞         Spirit   .   d - +0 helmet
rElec    +         Reflect  .   K - scarf {rC+ rF+}
rCorr    .         Harm     .   (no gloves)
MR       +....                  (no boots)
Stlth    ..........             h - amulet of rage
Regen    0.3/turn               Q - ring "Kuveschos" {EV+4 Int+6}
MPRegen  0.2/turn               x - ring of see invisible

@: berserk cooldown
A: negative energy resistance 1, electricity resistance, unbreathing,
petrification resistance, rot immunity, AC +9
a: Evoke Berserk Rage


You were on level 3 of the Lair of Beasts.
You were not hungry.

You visited 3 branches of the dungeon, and saw 16 of its levels.

You collected 1000 gold pieces.

Inventory:

Hand Weapons
 a - a +0 trident (weapon)
Armour
 c - a +0 shield (worn)
 d - a +0 helmet (worn)
 J - a +3 chain mail of magic resistance (worn)
 K - a scarf of resistance (worn)
Jewellery
 h - an amulet of rage (around neck)
 x - a ring of see invisible (right hand)
 F - a +3 ring of intelligence
 M - an uncursed ring of protection from fire
 N - an uncursed ring of protection from fire
 Q - the ring "Kuveschos" (left hand) {EV+4 Int+6}
   (You found it on level 10 of the Dungeon)

   [ring of evasion]

   It affects your evasion (+4).
   It affects your intelligence (+6).
Wands
 m - a wand of lightning (7/15)
 o - a wand of enslavement (11/24)
 r - a wand of polymorph (1/24)
 H - a wand of flame (25/48)
 O - a wand of iceblast (8/15)
 T - a wand of flame (10/48)
 U - a wand of lightning (8/15)
 V - a wand of confusion (37/48)
 Y - a wand of flame (13/48)
Scrolls
 e - 5 scrolls of remove curse
 l - a scroll of torment {unknown}
 p - 4 scrolls of fog {unknown}
 t - 3 scrolls of enchant armour {unknown}
 v - 3 scrolls of enchant weapon {unknown}
 y - 5 scrolls of amnesia {unknown}
 A - 3 scrolls of recharging {unknown}
 B - 2 scrolls of magic mapping {unknown}
 C - a scroll of noise {unknown}
 D - 2 scrolls of immolation {unknown}
 E - 2 scrolls of blinking {unknown}
 I - a scroll of identify
 P - 2 scrolls of random uselessness {unknown}
 R - a scroll of vulnerability {unknown}
 X - 5 scrolls of teleportation
 Z - a scroll of holy word {unknown}
Potions
 i - 2 potions of agility
 j - 2 potions of brilliance
 k - a potion of cancellation
 q - 7 potions of curing
 s - 2 potions of ambrosia
 u - a potion of heal wounds {unknown}
 w - 2 potions of flight
 z - 2 potions of mutation
 W - 2 potions of magic
Books
 b - a book of Cantrips

   Spells                             Type                      Level
   a - Confusing Touch                Hexes                        1
   b - Animate Skeleton               Necromancy                   1
   c - Summon Small Mammal            Summoning                    1
   d - Apportation                    Translocation                1
 f - a book of Changes

   Spells                             Type                      Level
   a - Beastly Appendage              Transmutation                1
   b - Sticks to Snakes               Transmutation                2
   c - Spider Form                    Transmutation/Poison         3
   d - Ice Form                       Ice/Transmutation            4
   e - Blade Hands                    Transmutation                5
 g - a book of Battle

   Spells                             Type                      Level
   a - Infusion                       Charms                       1
   b - Shroud of Golubria             Charms/Translocation         2
   c - Song of Slaying                Charms                       2
   d - Spectral Weapon                Hexes/Charms                 3
   e - Regeneration                   Charms/Necromancy            3
 L - a book of Callings

   Spells                             Type                      Level
   a - Summon Small Mammal            Summoning                    1
   b - Call Imp                       Summoning                    2
   c - Call Canine Familiar           Summoning                    3
   d - Summon Guardian Golem          Hexes/Summoning              3
   e - Summon Lightning Spire         Summoning/Air                4
   f - Summon Ice Beast               Ice/Summoning                4
 S - a book of Debilitation

   Spells                             Type                      Level
   a - Corona                         Hexes                        1
   b - Slow                           Hexes                        2
   c - Inner Flame                    Hexes/Fire                   3
   d - Portal Projectile              Hexes/Translocation          3
   e - Cause Fear                     Hexes                        4
   f - Leda's Liquefaction            Hexes/Earth                  4
Comestibles
 n - 4 meat rations
 G - 7 bread rations


   Skills:
 + Level 10.3 Fighting
 * Level 11.7 Polearms
 + Level 10.2 Armour
 + Level 10.3 Shields
 - Level 8.8 Evocations


You had 12 spell levels left.
You didn't know any spells.

Dungeon Overview and Level Annotations

Branches:
Dungeon (12/15)            Temple (1/1) D:4            Lair (3/6) D:10
  Swamp: Lair:2-4    Shoals: Lair:2-4     Snake: Lair:2-4    Spider: Lair:2-4
    Orc: D:9-12

Altars:
Ashenzari
Cheibriados
Dithmenos
Elyvilon
Gozag
Hepliaklqana
Kikubaaqudgha
Makhleb
Nemelex Xobeh
Okawaru
Qazlal
Ru
Sif Muna
Trog
Uskayaw
Vehumet
Xom
Yredelemnul
The Shining One


Innate Abilities, Weirdness & Mutations

You are resistant to torment.
Your stone body is resilient. (AC +9)
You are immune to poison.
You resist negative energy. (rN+)
You are resistant to electric shocks. (rElec)
You can survive without breathing.
You are immune to petrification.
You are immune to rotting.


Message History

* * * LOW HITPOINT WARNING * * *
You hit the blink frog.
The blink frog is heavily wounded.
The blink frog barely misses you. The blink frog closely misses you.
You block the blink frog's attack.
You puncture the blink frog!
The blink frog is almost dead.
You block the blink frog's attack.
The blink frog hits you but does no damage. x2
Your chain mail prevents you from hitting the blink frog.
The blink frog is almost dead.
You block the blink frog's attack. The blink frog hits you.
* * * LOW HITPOINT WARNING * * *
The blink frog blinks!
You block the blink frog's attack.
You miss the blink frog.
The blink frog is almost dead.
The blink frog hits you!
* * * LOW HITPOINT WARNING * * *
The blink frog blinks!
The blink frog hits you!
You die...

#.............# #
#.[....#......# #.
.........FF....
.................
#.#.##...#...#..#.
.........†.......
.##.#..<..<.......
........§§.†......
........F@........
.#..P..##....P###.
....... #######
#.#.... # #....
#..... .P....


You could see 3 blink frogs.

Vanquished Creatures
  Fannar (D:10)
  The ghost of VajrapaniSR the Grappler, a novice TrFi of Cheibriados (D:10)
  A death knight (D:8)
  4 two-headed ogres
  Nergalle (Lair:2)
  Urug (D:11)
  An unseen horror (D:11)
  A cyclops (D:10)
  The ghost of StylePro the Chopper, a novice NaFi (D:5)
  Maurice (D:12)
  A black mamba (Lair:1)
  Joseph (D:7)
  A torpor snail (Lair:2)
  The ghost of Overlord the Basher, a novice DrBe of Trog (D:4)
  2 spiny frogs
  Psyche (D:8)
  A gargoyle (D:6)
  3 komodo dragons (Lair:1)
  A freezing wraith (D:11)
  3 trolls
  A polar bear (Lair:1)
  Grinder (D:6)
  2 blink frogs (Lair:3)
  5 hippogriffs
  A wraith (D:11)
  A basilisk (D:10)
  19 yaks
  2 hungry ghosts
  5 water moccasins
  7 porcupines
  Duvessa (D:7)
  6 orc warriors
  2 ice beasts
  2 black bears
  2 necrophages
  5 ogres
  A phantom (D:8)
  16 centaurs
  5 crocodiles
  5 big kobolds
  8 bullfrogs
  A wyvern skeleton (D:9)
  Dowan (D:7)
  2 scorpions
  8 killer bees
  7 howler monkeys
  7 wights
  2 centaur zombies
  5 crimson imps
  2 bullfrog zombies
  4 hounds
  A quasit (D:9)
  Crazy Yiuf (D:7)
  3 jellies
  3 centaur skeletons
  7 orc priests
  A gnoll shaman (D:9)
  3 bullfrog skeletons
  Ijyb (D:4)
  15 orc wizards
  8 worker ants
  A killer bee zombie (D:7)
  A hound zombie (D:8)
  2 hound skeletons
  A howler monkey zombie (D:5)
  Robin (D:3)
  4 gnolls (D:9)
  9 adders
  3 shadow imps
  A white imp (D:4)
  An adder skeleton (D:4)
  An adder zombie (D:9)
  A worm (D:3)
  3 leopard geckos
  47 orcs
  3 giant cockroaches
  15 goblins
  7 hobgoblins
  12 jackals
  26 kobolds
  2 quokkas
  3 ball pythons
  9 bats
  2 frilled lizards
  2 goblin zombies (D:4)
  A jackal skeleton (D:4)
  A jackal zombie (D:8)
  A kobold skeleton (D:4)
  2 kobold zombies (D:4)
  An orc skeleton (D:4)
  An orc zombie (D:4)
  7 rats
378 creatures vanquished.

Vanquished Creatures (others)
  A sky beast (D:11)
  An orc wizard (D:6)
  A fungus (Lair:2)
3 creatures vanquished.

Grand Total: 381 creatures vanquished

Notes
Turn   | Place    | Note
-------+----------+-------------------------------------------
     0 | D:1      | vishdafish the Gargoyle Fighter began the quest for the Orb.
     0 | D:1      | Reached XP level 1. HP: 14/14 MP: 1/1
   284 | D:1      | Reached XP level 2. HP: 19/19 MP: 2/2
   581 | D:2      | Found a shadowy altar of Dithmenos.
   596 | D:2      | Reached skill level 2 in Polearms
   627 | D:2      | Reached XP level 3. HP: 23/23 MP: 3/3
  1199 | D:3      | Found a snail-covered altar of Cheibriados.
  1221 | D:3      | Reached XP level 4. HP: 29/29 MP: 4/4
  1529 | D:3      | Reached skill level 3 in Polearms
  1844 | D:3      | Noticed Robin
  1904 | D:3      | Killed Robin
  1904 | D:3      | Reached XP level 5. HP: 4/33 MP: 5/5
  2349 | D:3      | Reached skill level 1 in Evocations
  2553 | D:4      | Found a staircase to the Ecumenical Temple.
  2568 | D:4      | Reached XP level 6. HP: 34/38 MP: 5/7
  2574 | D:4      | Noticed Ijyb
  2588 | D:4      | Killed Ijyb
  2613 | Temple   | Entered the Ecumenical Temple
  2909 | D:4      | Noticed Overlord's ghost (novice DrBe)
  2952 | D:4      | Killed Overlord's ghost
  2952 | D:4      | Reached skill level 4 in Polearms
  2952 | D:4      | Reached XP level 7. HP: 44/44 MP: 7/9
  3115 | D:4      | Found a glowing golden altar of the Shining One.
  3471 | D:5      | Entered Level 5 of the Dungeon
  3507 | D:5      | Reached skill level 5 in Armour
  3510 | D:5      | Noticed StylePro's ghost (novice NaFi)
  3576 | D:5      | Killed StylePro's ghost
  3576 | D:5      | Reached skill level 5 in Fighting
  3576 | D:5      | Reached skill level 5 in Polearms
  3576 | D:5      | Reached skill level 5 in Shields
  3576 | D:5      | Reached XP level 8. HP: 25/49 MP: 10/10
  3819 | D:5      | Found a shattered altar of Ashenzari.
  3840 | D:5      | Found a hazy altar of Hepliaklqana.
  3864 | D:5      | Found a deep blue altar of Sif Muna.
  4286 | D:6      | Noticed a gargoyle
  4296 | D:6      | Killed a gargoyle
  4401 | D:6      | Noticed Grinder
  4405 | D:6      | Paralysed by Grinder for 6 turns
  4415 | D:6      | Killed Grinder
  4415 | D:6      | Reached skill level 5 in Evocations
  4415 | D:6      | Reached XP level 9. HP: 55/55 MP: 12/12
  4811 | D:6      | Reached skill level 6 in Polearms
  5449 | D:6      | You fall through a shaft!
  5498 | D:7      | Noticed Dowan
  5499 | D:7      | Noticed Duvessa
  5505 | D:7      | Killed Dowan
  5532 | D:7      | Killed Duvessa
  5752 | D:7      | Noticed Joseph
  5777 | D:7      | Killed Joseph
  6125 | D:7      | Found a stormy altar of Qazlal.
  6222 | D:7      | Reached skill level 7 in Polearms
  6222 | D:7      | Reached XP level 10. HP: 61/61 MP: 14/14
  6719 | D:7      | Found a runed door.
  6723 | D:7      | Noticed Crazy Yiuf
  6728 | D:7      | Killed Crazy Yiuf
  6980 | D:8      | Noticed a death knight
  7009 | D:8      | Killed a death knight
  7009 | D:8      | Reached skill level 8 in Polearms
  7496 | D:8      | Found a basalt altar of Yredelemnul.
  7776 | D:8      | Noticed Psyche
  7793 | D:8      | Killed Psyche
  8323 | D:9      | Reached XP level 11. HP: 66/67 MP: 16/16
  8382 | D:9      | Noticed a two-headed ogre
  8393 | D:9      | Killed a two-headed ogre
  9358 | D:10     | Entered Level 10 of the Dungeon
  9413 | D:10     | Got a scorched jade ring
  9426 | D:10     | Found a staircase to the Lair.
  9569 | D:10     | Reached skill level 9 in Polearms
  9593 | D:10     | Noticed VajrapaniSR's ghost (novice TrFi)
  9606 | Lair:1   | Entered Level 1 of the Lair of Beasts
 10183 | D:10     | Identified the ring "Kuveschos" {EV+4 Int+6} (You found it on level 10 of the Dungeon)
 10523 | D:11     | Noticed a two-headed ogre
 10532 | D:11     | Noticed a cyclops
 10532 | D:11     | Killed a two-headed ogre
 10590 | D:10     | Killed VajrapaniSR's ghost
 11358 | D:10     | Killed a cyclops
 11682 | D:11     | Noticed an unseen horror
 11703 | D:11     | Killed an unseen horror
 11703 | D:11     | Reached XP level 12. HP: 57/75 MP: 18/18
 11940 | D:11     | Noticed a two-headed ogre
 11947 | D:11     | Killed a two-headed ogre
 11947 | D:11     | Reached skill level 10 in Polearms
 12455 | D:12     | Noticed Maurice
 12489 | D:12     | Killed Maurice
 12512 | D:12     | Noticed Urug
 12518 | D:12     | Noticed a death knight
 12913 | D:11     | Killed Urug
 13263 | Lair:1   | Noticed Fannar
 13358 | D:10     | Noticed a two-headed ogre
 13374 | D:10     | Killed a two-headed ogre
 13470 | D:10     | Killed Fannar
 14375 | Lair:1   | Reached skill level 11 in Polearms
 14763 | Lair:1   | Reached skill level 10 in Fighting
 14763 | Lair:1   | Reached skill level 10 in Armour
 15147 | Lair:1   | Reached XP level 13. HP: 25/82 MP: 19/19
 15414 | Lair:2   | Reached skill level 10 in Shields
 15495 | Lair:2   | Noticed Nergalle
 15522 | Lair:2   | Killed Nergalle
 16028 | Lair:3   | Slain by a blink frog

Skill      XL: |  1  2  3  4  5  6  7  8  9 10 11 12 13 |
---------------+----------------------------------------+-----
Polearms       | 2 3 4 5 7 8 9 11 | 11.7
Shields        | 4 5 6 7 8 9 10 | 10.3
Armour         | 4 5 6 7 8 10 | 10.2
Evocations     | 1 2 3 5 6 7 8 |  8.8
Fighting       | 4 5 6 7 8 10 | 10.3

Action                   |  1- 3 |  4- 6 |  7- 9 | 10-12 | 13-15 || total
-------------------------+-------+-------+-------+-------+-------++-------
Melee: Trident           |   113 |   231 |   451 |  1699 |   168 ||  2662
       Unarmed           |       |       |     7 |       |       ||     7
 Abil: Evoke Berserk Rag |       |     1 |     7 |    21 |     3 ||    32
Evoke: Wand              |       |       |       |     3 |       ||     3
  Use: Potion            |       |     2 |     2 |     4 |       ||     8
       Scroll            |       |     5 |     5 |     7 |       ||    17
 Stab: Distracted        |       |       |       |     1 |       ||     1
       Confused          |       |       |       |     1 |       ||     1
  Eat: Chunk             |     1 |     1 |     8 |    23 |     1 ||    34
       Bread ration      |       |     1 |     2 |     3 |       ||     6
       Royal jelly       |       |       |     1 |     1 |       ||     2
       Meat ration       |       |       |       |     4 |     1 ||     5
Armor: Scale mail        |    63 |   120 |   160 |       |       ||   343
       Chain mail        |       |       |    48 |   813 |   133 ||   994
       Skin              |       |       |     2 |       |       ||     2
Dodge: Dodged            |    36 |    53 |   118 |   520 |    91 ||   818
Block: Shield            |    55 |   125 |   243 |   954 |   150 ||  1527
